AoeStats
← Sameisens

Highland

505505621Analyzed
2v2 RM · 22d ago on Sep 9, 2026· 52m 52s· 4 players
Game mode
Random Map
Map size
Medium (4 player)
Population
200
Speed
Normal
Resources
Standard
Victory
Conquest
Starting age
Dark Age
Ending age
Imperial Age
RankedLock teamsTeams togetherTeam positionsShared explorationLock speedFull tech treeHidden civsTurbo modeCheats
Victory
Defeat
🇬🇧 Koreans · United Kingdom
561
+13
🇺🇸 Bulgarians · United States
532
+14
🇺🇸 Aztecs · United States
493
-14
🇪🇸 Vietnamese · Spain
489
-13
Davi7422
0:37 Loom
9:16 Feudal Age
13:08 Wheelbarrow
12:38 Town Watch
16:17 Double-Bit Axe
27:32 Forging
27:22 Scale Mail Armor
27:27 Scale Barding Armor
27:15 Fletching
27:25 Padded Archer Armor
29:46 Gold Mining
32:00 Castle Age
30:39 Stone Mining
33:56 Hand Cart
34:05 Bodkin Arrow
34:26 Leather Archer Armor
34:30 Chain Mail Armor
34:41 Chain Barding Armor
35:37 Bow Saw
37:15 Horse Collar
38:14 Iron Casting
37:55 Chain Mail Armor
39:39 Gold Shaft Mining
40:14 Chain Barding Armor
40:09 Chain Mail Armor
40:22 Chain Mail Armor
48:51 Town Patrol
daniel.ip1
12:28 Feudal Age
20:42 Castle Age
20:52 Double-Bit Axe
22:33 Bow Saw
26:04 Horse Collar
27:18 Stone Mining
29:56 Heavy Plow
32:22 Thumb Ring
31:57 Crossbowman
38:01 Imperial Age
36:10 Wheelbarrow
39:16 Town Watch
39:46 Hand Cart
39:17 Loom
40:20 Gold Mining
40:56 Town Patrol
42:24 Two-Man Saw
42:57 Arbalester
46:06 Chemistry
46:46 Heavy Rocket Cart
49:12 Fletching
49:32 Forging
49:23 Scale Mail Armor
49:28 Scale Barding Armor
Sameisens
13:36 Feudal Age
11:54 Loom
14:25 Double-Bit Axe
16:14 Wheelbarrow
15:34 Horse Collar
16:12 Town Watch
22:07 Scale Mail Armor
22:08 Padded Archer Armor
21:59 Fletching
22:20 Forging
26:06 Castle Age
26:32 Arson
28:44 Heavy Plow
30:40 Hand Cart
31:32 Squires
30:56 Elite Skirmisher
32:02 Gold Mining
32:02 Stone Mining
34:05 Stone Shaft Mining
34:06 Gold Shaft Mining
36:21 Chain Mail Armor
36:41 Iron Casting
36:02 Bodkin Arrow
36:23 Leather Archer Armor
37:23 Bow Saw
37:45 Atlatl
39:50 Sanctity
39:42 Fervor
39:28 Herbal Medicine
39:35 Devotion
40:38 Pikeman
45:53 Eagle Warrior
esekpa
16:01 Loom
Connection lost

Rejoining the realm…

Still unreachable

The connection could not be restored.

Session expired

The server has moved on; the page needs a fresh start.